Construct Section Command Post
Construct Platoon Command Post
Construct Field Infirmary
Selects Air and Sea Battlegroup
6-pounder Anti-tank Gun Team
Selects Commando Section Paradrop
Selects M1 Pack Howitzer Paradrop
6-pounder Anti-tank Gun Team
Construct Company Command Post
Unlock M3 Grant Medium Tanks
Selects Anti-tank Rocket Loiter
Commando Section Paradrop
Unlock Towed 17-pounder Anti-tank Guns
6-pounder Anti-tank Gun Team
Selects Naval Bombardment
Selects Naval Bombardment
Commando Section Paradrop
Commando Section Paradrop